 Dungeon Crawl Stone Soup version 0.21.1-74-g47da925 (webtiles) character file.

70 Spoonbill the Sneak (level 4, -5/25 HPs)
             Began as a Kobold Enchanter on Aug 15, 2018.
             Killed by divine providence
             ... invoked by an orc priest
              (13 damage)
             ... on level 2 of the Dungeon on Aug 16, 2018.
             The game lasted 00:11:31 (1700 turns).

Spoonbill the Sneak (Kobold Enchanter)              Turns: 1700, Time: 00:11:32

Health: -5/25      AC:  2    Str:  5    XL:     4   Next: 44%
Magic:  2/7        EV: 16    Int: 17    God:
Gold:   40         SH:  0    Dex: 15    Spells: 2/8 levels left

rFire    . . .     SeeInvis .   a - +2 dagger
rCold    . . .     Gourm    .   (shield restricted)
rNeg     . . .     Faith    .   b - +0 robe
rPois    .         Spirit   .   (no helmet)
rElec    .         Reflect  .   (no cloak)
rCorr    .         Harm     .   (no gloves)
MR       .....                  (no boots)
Stlth    +++.......             (no amulet)
HPRegen  0.08/turn              (no ring)
MPRegen  0.10/turn              (no ring)

@: no status effects
A: small, carnivore
a: no special abilities


You were on level 2 of the Dungeon.
You were very full.

You visited 1 branch of the dungeon, and saw 2 of its levels.

You collected 40 gold pieces.

Inventory:

Hand Weapons
 a - a +2 dagger (weapon)
Armour
 b - a +0 robe (worn)
Scrolls
 e - a scroll of fog
 f - a scroll of enchant weapon
 j - a scroll of identify
Potions
 g - a potion of degeneration {unknown}
 h - 2 potions of flight {unknown}
 i - a potion of invisibility {unknown}
Books
 c - a book of Maledictions

   Spells                             Type                      Level
   a - Corona                         Hexes                        1
   b - Ensorcelled Hibernation        Hexes/Ice                    2
   c - Confuse                        Hexes                        3
   d - Tukima's Dance                 Hexes                        3
   e - Dazzling Spray                 Conjuration/Hexes            3
Comestibles
 d - 5 rations


   Skills:
 + Level 1.4 Fighting
 + Level 1.4 Short Blades
 + Level 3.3 Dodging
 + Level 4.7 Stealth
 + Level 2.5 Spellcasting
 + Level 3.5 Hexes


You had 2 spell levels left.
You knew the following spells:

 Your Spells              Type           Power        Failure   Level  Hunger
a - Corona                Hex            ##.....      4%          1    #......
b - Ensorcelled Hibernat  Hex/Ice        #.....       14%         2    ##.....
c - Dazzling Spray        Conj/Hex       #.....       26%         3    ###....


Dungeon Overview and Level Annotations

Branches:
Dungeon (2/15)

Altars:
Nemelex Xobeh


Innate Abilities, Weirdness & Mutations

You are small and have problems with some larger weapons.
You are carnivorous and can eat meat at any time.


Message History

The orc priest mumbles some strange prayers to Beogh against you.
Beogh smites you!
Ouch! That really hurt!
* * * LOW HITPOINT WARNING * * *
The orc barely misses you.
Casting: Dazzling Spray
Confirm with . or Enter, or press ? or * to list all spells.
Aiming: Dazzling Spray
Press: ? - help, Shift-Dir - straight line, f/p - orc
Aim: an orc, wielding a trident and wearing a leather armour The spray of energy hits the orc.
The orc is almost dead.
The orc is dazzled.
The orc priest calls upon Beogh to heal the orc.
The orc's wounds heal themselves!
The orc is no longer blind.
The orc priest invokes the aid of Beogh against you.
Beogh smites you!
Ouch! That really hurt!
You die...

#.#......###.##########
#.#......)...# #
#.#..###.##### # #.#..#
#.# # #.##^###.# #
#.##...>.# # #>####.#.#
. #.# #.#.# # #.# #@#.#
#.# #.#.# ##### #.#
#.#.######§..# ##.#
#.#..........# #. #..#
#.########.§.# #. #.##
#o# ##.## .# #.## #o#
#.# .. #..# #.# #.# #.
##.# #.# #[# #.


You could see an orc priest and an orc.

Vanquished Creatures
  An adder (D:2)
  3 gnolls (D:2)
  A dart slug (D:1)
  4 bats
  4 goblins (D:1)
  8 hobgoblins
  5 frilled lizards
  6 rats
32 creatures vanquished.

Notes
Turn   | Place    | Note
-------+----------+-------------------------------------------
     0 | D:1      | Spoonbill the Kobold Enchanter began the quest for the Orb.
     0 | D:1      | Reached XP level 1. HP: 10/10 MP: 3/3
     0 | D:1      | Noticed a spriggan
     1 | D:1      | Noticed a ghoul
     5 | D:1      | Noticed a centaur
     6 | D:1      | Noticed a spriggan
     7 | D:1      | Noticed a troll
     8 | D:1      | Noticed a dwarf
    10 | D:1      | Noticed a felid
    12 | D:1      | Noticed a centaur
    14 | D:1      | Noticed a dwarf
    14 | D:1      | Noticed a naga
    16 | D:1      | Noticed a ghoul
    16 | D:1      | Noticed a dwarf
    18 | D:1      | Noticed a ghoul
    18 | D:1      | Noticed an ogre
    21 | D:1      | Noticed a felid
   113 | D:1      | Reached XP level 2. HP: 15/15 MP: 5/5
   528 | D:1      | Learned a level 2 spell: Ensorcelled Hibernation
   912 | D:1      | Found a sparkling altar of Nemelex Xobeh.
   949 | D:1      | Reached XP level 3. HP: 19/19 MP: 6/6
   973 | D:1      | Learned a level 3 spell: Dazzling Spray
  1513 | D:2      | Reached skill level 1 in Fighting
  1513 | D:2      | Reached XP level 4. HP: 22/25 MP: 7/7
  1700 | D:2      | Killed from afar by an orc priest

Skill      XL: |  1  2  3 |
---------------+----------+-----
Dodging        | 3 |  3.3
Fighting       | 1 |  1.4
Short Blades   | |  1.4
Stealth        | |  4.7
Spellcasting   | |  2.5
Hexes          | |  3.5

Action                   |  1- 3 |  4- 6 || total
-------------------------+-------+-------++-------
Melee: Dagger            |    99 |    14 ||   113
 Cast: Ensorcelled Hiber |     2 |       ||     2
       Corona            |     2 |       ||     2
       Dazzling Spray    |       |     5 ||     5
  Use: Scroll            |     4 |       ||     4
 Stab: Sleeping          |    11 |     2 ||    13
  Eat: Chunk             |     6 |     4 ||    10
Armor: Robe              |    12 |       ||    12
Dodge: Dodged            |    84 |    21 ||   105
